 Dungeon Crawl Stone Soup version 0.30.1-4-g462c640d31 (webtiles) character file.

Game seed: 5732491475799226151

4494 Zeor the Carver (level 10, -4/73 HPs)
             Began as a Demonspawn Gladiator on Aug 25, 2023.
             Was an Elder of Okawaru.
             Killed from afar by a starcursed mass (5 damage)
             ... with an accursed screaming
             ... on level 1 of the Abyss on Aug 27, 2023.
             The game lasted 00:27:44 (9065 turns).

Zeor the Carver (Demonspawn Gladiator)              Turns: 9065, Time: 00:27:44

Health: -4/73      AC: 13    Str: 16    XL:     10   Next: 16%
Magic:  0/14       EV: 13    Int:  9    God:    Okawaru [****..]
Gold:   566        SH:  6    Dex: 24    Spells: 9/9 levels left

rFire   . . .        a - +1 scimitar
rCold   + . .        (no shield)
rNeg    + . .        v - +1 scale mail {rC+}
rPois   .            c - +0 helmet
rElec   .            b - +2 cloak
rCorr   .            (no gloves)
SInv    .            p - +0 pair of boots
Will    .....        o - amulet of guardian spirit
Stlth   +            i - +6 ring of dexterity
HPRegen 0.32/turn    l - ring of positive energy
MPRegen 0.14/turn

%: guardian spirit
@: no status effects
A: hooves 1, large bone plates 2, (demonic guardian 1), foul stench 1
a: Renounce Religion, Heroism, Finesse


You were on level 1 of the Abyss.
You worshipped Okawaru.
Okawaru was greatly pleased with you.
You visited 1 branch of the dungeon, and saw 10 of its levels.
You visited the Abyss 1 time.

You collected 566 gold pieces.

Inventory:

Hand Weapons
 a - a +1 scimitar (weapon)
 k - a +0 great sword
 y - a +1 hand axe of flaming
 G - a +1 long sword
Missiles
 d - 3 throwing nets
 e - 3 javelins
 s - 4 datura-tipped darts
 z - 7 boomerangs (quivered)
 D - 25 poisoned darts
 I - 6 curare-tipped darts
Armour
 b - a +2 cloak (worn)
 c - a +0 helmet (worn)
 p - a +0 pair of boots (worn)
 r - an orb of guile
 v - a +1 scale mail of cold resistance (worn)
 H - a +1 scale mail of fire resistance
Jewellery
 i - a +6 ring of dexterity (left hand)
 l - a ring of positive energy (right hand)
 o - an amulet of guardian spirit (around neck)
 u - an amulet of reflection
 B - a ring of willpower
Wands
 q - a wand of roots (15)
 x - a wand of flame (12)
 C - a wand of paralysis (8)
Scrolls
 f - 2 scrolls of fear
 t - 2 scrolls of teleportation
 F - 2 scrolls of poison
Potions
 g - a potion of lignification
 h - 6 potions of curing
 j - 2 potions of heal wounds
 m - 3 potions of magic
 n - 2 potions of mutation
 w - a potion of attraction
 A - a potion of invisibility
 E - a potion of resistance {unknown}


   Skills:
 + Level 4.4 Fighting
 * Level 10.1 Long Blades
 + Level 1.7 Throwing
 + Level 4.5 Armour
 * Level 5.6 Dodging
 + Level 1.3 Stealth
 + Level 2.0 Shields
 * Level 6.6 Invocations
 + Level 0.1 Evocations


You had 9 spell levels left.
You didn't know any spells.
Your spell library was empty.

Dungeon Overview and Level Annotations

Branches:
Dungeon (10/15)            Temple (0/1) D:6
   Lair: D:8-11         Orc: D:9-12

Altars:
Dithmenos
Fedhas
Gozag
Nemelex Xobeh
Okawaru
Qazlal
Ru
Trog
Wu Jian
Xom

Portals:
Abyss: D:3

Annotations:
D:3 2 transporters, Babbit's ghost, amateur MiFi
D:5 3 runed translucent doors, Babbit's ghost, novice MiFi; Bobit's ghost, weakling GnDe; arthad's ghost, novice OgFE; azzazzello's ghost, weakling BaDe; bairyn's ghost, amateur SpRe
D:10 Erolcha


Innate Abilities, Weirdness & Mutations

You have large cloven feet.
You are mostly covered in large bone plates. (SH +6)
((A weak demonic guardian rushes to your aid.))
You may rarely emit foul miasma when damaged in melee.


Message History

The small abomination is heavily damaged.
The small abomination hits you!
You slash the small abomination!
The small abomination is almost destroyed.
You barely miss the small abomination.
The small abomination is almost destroyed.
You block the small abomination's attack.
You closely miss the small abomination.
The small abomination is almost destroyed.
You slash the small abomination!
You destroy the small abomination!
Okawaru accepts your kill.
Found a corrupted altar of Lugonu.
A starcursed mass comes into view.
The starcursed mass shrieks in your mind.
A starcursed mass splits.
The starcursed mass attacks as you move away!
You block the starcursed mass's attack.
A starcursed mass splits.
A starcursed mass splits.
A starcursed mass splits.
A chorus of shrieks assaults your mind.
A starcursed mass splits.
The starcursed mass touches you!
A starcursed mass splits.
A deafening chorus of shrieks assaults your mind!
The starcursed mass touches you but does no damage.
The starcursed mass closely misses you.
A deafening chorus of shrieks assaults your mind!
* * * LOW HITPOINT WARNING * * *
A chorus of shrieks assaults your mind.
* * * LOW HITPOINT WARNING * * *
The starcursed mass touches you.
The starcursed mass touches you but does no damage.
A chorus of shrieks assaults your mind.
* * * LOW HITPOINT WARNING * * *
The starcursed mass completely misses you.
The starcursed mass touches you.
* * * LOW HITPOINT WARNING * * *
The starcursed mass misses you. x2
A chorus of shrieks assaults your mind.
You die...

▒ ∙ ▒ ▒ ▒▒
▒▒▒ ▒∙▒
▒▒∙∙∙∙ ∙∙▒
▒▒∙▒∙▒∙∙∙▒
∙▒∙X▒∙ ▒
▒▒▒X∙▒∙▒ ∙
∙∙ ▒▒▒▒X
▒∙∙ ∙ ▒
▒6X▒▒▒▒▒▒
∙▒ ▒XX▒∙∙▒
∙ ▒
▒∙▒∙▒▒∙ ▒▒
∙▒▒▒ ▒
▒∙∙∙∙∙∙∙▒∙
▒∙∙ ▒
▒▒∙▒∙▒∙
∙∙∙∙▒▒∙ ∙
∙▒ ∙∙ ∙∙▒
∙∙▒▒∙∙∙
∙∙∙ ∙∙ ∙▒
▒∙∙ ∙▒▒ ∙▒
▒▒∙∙∙∙∙ ∙∙
∙∙∙ ∙∙ ∙∙
▒ ∙▒▒∙▒∙▒∙
▒∙▒


You could see 3 starcursed masses.

Vanquished Creatures
  Pikel (D:7)
  A kobold demonologist (D:9)
  A hornet (D:9)
  Grum (D:9)
  2 steam dragons
  2 water moccasins
  4 orc warriors (D:9)
  A black bear (D:6)
  2 ice beasts (D:7)
  2 wolves (D:9)
  4 ogres
  A centaur (D:5)
  3 kobold brigands
  4 bullfrogs
  3 scorpions
  3 wights (D:8)
  4 killer bees (D:9)
  2 howler monkeys (D:6)
  2 hounds
  2 jellies
  4 orc priests
  2 iguanas
  A small abomination (Abyss:1)
  5 orc wizards
  4 gnolls (D:7)
  10 adders
  An ufetubus (D:4)
  2 worms (D:2)
  2 dart slugs
  20 orcs
  11 endoplasms
  4 giant cockroaches
  10 goblins
  4 hobgoblins
  7 jackals
  3 quokkas
  10 ball pythons
  7 bats
  6 frilled lizards
  19 kobolds
  4 rats
181 creatures vanquished.

Vanquished Creatures (collateral kills)
  A jelly (D:4)
  A goblin (D:4)
2 creatures vanquished.

Grand Total: 183 creatures vanquished

Notes
Turn   | Place    | Note
-------+----------+-------------------------------------------
     0 | D:1      | Zeor the Demonspawn Gladiator began the quest for the Orb.
     0 | D:1      | Reached XP level 1. HP: 16/16 MP: 1/1
   234 | D:1      | Reached skill level 3 in Long Blades
   238 | D:1      | Gained mutation: You may rarely emit foul miasma when
                  | damaged in melee. [demonic ancestry]
   238 | D:1      | Reached XP level 2. HP: 14/22 MP: 2/2
   586 | D:1      | Reached XP level 3. HP: 27/27 MP: 3/3
  1238 | D:2      | Reached XP level 4. HP: 23/33 MP: 4/4
  1298 | D:2      | Reached skill level 4 in Long Blades
  2079 | D:3      | Found a faded altar of an unknown god.
  2131 | D:3      | Found a transporter.
  2137 | D:3      | Found a transporter.
  2141 | D:3      | Noticed a small abomination
  2157 | D:3      | Noticed Babbit's ghost (amateur MiFi)
  2173 | D:3      | Found a one-way gate to the infinite horrors of the Abyss.
  2410 | D:3      | Reached skill level 1 in Armour
  2410 | D:3      | Gained mutation: A weak demonic guardian rushes to your
                  | aid. [demonic ancestry]
  2410 | D:3      | Reached XP level 5. HP: 38/39 MP: 5/5
  3207 | D:4      | Found an iron altar of Okawaru.
  3235 | D:4      | Became a worshipper of Warmaster Okawaru
  3468 | D:4      | Found an opulent altar of Gozag.
  3633 | D:5      | Entered Level 5 of the Dungeon
  3644 | D:5      | Reached skill level 5 in Long Blades
  3644 | D:5      | Gained mutation: You are partially covered in large bone
                  | plates. (SH +4) [demonic ancestry]
  3644 | D:5      | Reached XP level 6. HP: 40/46 MP: 6/6
  3711 | D:5      | Reached skill level 1 in Invocations
  3859 | D:5      | Found a runed translucent gate.
  3860 | D:5      | Found a runed translucent gate.
  3862 | D:5      | Found a runed translucent gate.
  3863 | D:5      | Noticed Bobit's ghost (weakling GnDe)
  3887 | D:5      | Noticed arthad's ghost (novice OgFE)
  3888 | D:5      | Noticed bairyn's ghost (amateur SpRe)
  3889 | D:5      | Noticed Babbit's ghost (novice MiFi)
  3890 | D:5      | Noticed azzazzello's ghost (weakling BaDe)
  3951 | D:5      | Reached * piety under Okawaru
  3952 | D:5      | Reached XP level 7. HP: 43/51 MP: 5/8
  4330 | D:6      | Reached skill level 6 in Long Blades
  4471 | D:6      | Found a staircase to the Ecumenical Temple.
  4728 | D:6      | Reached skill level 1 in Shields
  4798 | D:6      | Reached ** piety under Okawaru
  4799 | D:6      | Reached skill level 7 in Long Blades
  4799 | D:6      | Reached XP level 8. HP: 49/58 MP: 8/10
  4920 | D:6      | Found a shadowy altar of Dithmenos.
  5667 | D:6      | Found a sparkling altar of Nemelex Xobeh.
  6276 | D:7      | Reached skill level 1 in Stealth
  6462 | D:7      | Noticed Pikel
  6467 | D:7      | Reached skill level 8 in Long Blades
  6482 | D:7      | Killed Pikel
  6482 | D:7      | Reached *** piety under Okawaru
  6483 | D:7      | Reached skill level 5 in Invocations
  6483 | D:7      | Gained mutation: You are mostly covered in large bone
                  | plates. (SH +6) [demonic ancestry]
  6483 | D:7      | Reached XP level 9. HP: 41/65 MP: 8/12
  7166 | D:8      | Found a shimmering altar of Xom.
  7174 | D:8      | Found a blossoming altar of Fedhas.
  7174 | D:8      | Found a bloodstained altar of Trog.
  7184 | D:8      | Found a stormy altar of Qazlal.
  7184 | D:8      | Found a sacrificial altar of Ru.
  7358 | D:8      | Found an ornate altar of the Wu Jian Council.
  7374 | D:8      | Reached **** piety under Okawaru
  7375 | D:8      | Reached skill level 5 in Dodging
  7633 | D:9      | Noticed a kobold demonologist
  7637 | D:9      | Noticed a hellwing
  7642 | D:9      | Killed a kobold demonologist
  7643 | D:9      | Reached skill level 9 in Long Blades
  7697 | D:9      | Noticed Grum
  7725 | D:9      | Killed Grum
  8207 | D:9      | Gained mutation: You have large cloven feet. [demonic
                  | ancestry]
  8207 | D:9      | Reached XP level 10. HP: 42/73 MP: 6/14
  8622 | D:9      | Reached skill level 10 in Long Blades
  8666 | D:9      | Reached ***** piety under Okawaru
  8977 | D:10     | Entered Level 10 of the Dungeon
  8977 | D:10     | Noticed Erolcha
  8983 | Abyss:1  | Cast into level 1 of the Abyss (Erolcha)
  9019 | Abyss:1  | Found a corrupted altar of Lugonu.
  9048 | Abyss:1  | Noticed a starcursed mass
  9064 | Abyss:1  | HP: 1/73 [starcursed mass (4)]
  9065 | Abyss:1  | Killed from afar by a starcursed mass

Illustrated notes

Levels and vault maps discovered:
D:1:      minmay_arrival_solitary_statue, layout_loops_corners
D:2:      minmay_evil_eye, layout_basic, nrook_campfire, nicolae_titane
D:3:      layout_basic, gammafunk_ghost_abyssal_escape, basic_ecumenical_altar
D:4:      layout_cave_pools, lemuel_doored_altar, mainiacjoe_overflow_alcove_1,
          serial_rivers, chequers_serial_rivers_micro_e,
          chequers_serial_rivers_micro_b, chequers_serial_rivers_room_b,
          chequers_serial_rivers_micro_c
D:5:      layout_cave_pools, gammafunk_ghost_cemetery
D:6:      layout_layer_cave, mainiacjoe_overflow_small_starburst,
          nemelex_dance_club_becter, minmay_temple_entry_gardened_gates
D:7:      layout_loops_ring, corexii_mini_fake_secret_closet, hex_large,
          uniq_pikel
D:8:      layout_gridville, dreamdust_divine_triumvirate,
          nicolae_wu_jian_immortal_techniques, minmay_overflow_temple_star_hex
D:9:      layout_loops_ring, minivault_11, uniq_grum
D:10:     minmay_recursive_quarters, layout_cave_pools,
          nzn_hepliaklqana_mist_gate, eat_drink_and_be_merry_uskayaw,
          enter_bailey_6, nrook_loot_triangle, uniq_erolcha, uniq_fannar
Abyss:1:  base: D:9, evilmike_abyss_exit_15

Skill      XL: |  1  2  3  4  5  6  7  8  9 10 |
---------------+-------------------------------+-----
Long Blades    | 3 4 5 7 8 9 10 | 10.1
Dodging        | 3 4 5 |  5.6
Armour         | 1 2 3 4 |  4.5
Invocations    | 1 3 5 6 |  6.6
Fighting       | 3 4 |  4.4
Shields        | 1 2 |  2.0
Stealth        | 1 |  1.3
Throwing       | |  1.7
Evocations     | |  0.1

Action                     |  1- 3 |  4- 6 |  7- 9 | 10-12 || total
---------------------------+-------+-------+-------+-------++-------
  Melee: Long sword        |   111 |   182 |   279 |       ||   572
         Punch             |       |       |     6 |       ||     6
         Scimitar          |       |       |    58 |    43 ||   101
  Throw: Javelin           |       |       |     1 |       ||     1
         Dart              |       |       |       |     1 ||     1
         Throwing net      |       |       |       |     1 ||     1
 Invoke: Heroism           |       |       |     3 |     1 ||     4
  Evoke: Wand              |       |       |     1 |       ||     1
    Use: Scroll            |     4 |     3 |     8 |       ||    15
         Potion            |       |     1 |     6 |       ||     7
   Stab: Sleeping          |       |     2 |       |       ||     2
         Held in net/web   |       |       |       |     2 ||     2
 Armour: Leather armour    |    38 |    19 |       |       ||    57
         Scale mail        |       |    39 |    99 |    14 ||   152
         Skin              |       |       |    11 |       ||    11
  Dodge: Dodged            |    98 |   123 |   139 |    16 ||   376
  Block: Other             |       |     8 |    54 |     9 ||    71
